Map: Abyssal Reef LE

Players

Sheppard - Winner!

  • Race: Terran Terran
  • League: Master
  • Spawn Location: 11:00

Cham

  • Race: Zerg Zerg
  • League: Grandmaster
  • Spawn Location: 5:00

VOD

https://youtu.be/yxqJTBW---M

Description

Time

  • Played on: Feb. 28, 2017, 7:30 p.m.
  • Length: 6:45
Show
View Real Time Build Order
Export as new Build Order

Sheppard Terran - Winner!

Build Orders: Reaper Expand, MMM Bio 

Get SALT Encoding   

  12  0:01  SCV  
  13  0:13  SCV  
  14  0:17  Supply Depot  
  14  0:25  SCV  
  15  0:39  SCV  
  15  0:40  Barracks  
  16  0:45  Refinery  
  16  0:51  SCV  
  17  1:03  SCV  
  18  1:15  SCV  
  19  1:27  Reaper  
  19  1:28  Orbital Command  
  20  1:47  Command Center  
  20  1:54  SCV  
  21  2:02  Barracks  
  21  2:04  Barracks Reactor  
  21  2:06  SCV  
  22  2:14  Supply Depot  
  22  2:18  Refinery  
  22  2:20  SCV  
  23  2:36  SCV  
  24  2:43  Marine x2  
  26  2:48  SCV  
  26  2:50  Barracks Tech Lab, Factory  
  27  2:59  Orbital Command  
  27  3:01  Marine x2  
  27  3:04  SCV  
  30  3:09  Marine  
  30  3:10  Stimpack  
  31  3:16  SCV  
  32  3:20  Marine  
  32  3:22  Marine, Supply Depot  
  34  3:27  SCV  
  34  3:29  SCV  
  34  3:33  Marine  
  37  3:39  SCV  
  38  3:43  Marine x2  
  38  3:45  Factory Reactor  
  38  3:46  Starport  
  40  3:51  SCV  
  40  3:53  SCV  
  40  3:55  Marine  
  43  4:01  Marine  
  44  4:04  Marine, SCV  
  44  4:06  SCV  
  47  4:11  Supply Depot  
  47  4:16  SCV  
  48  4:17  Armory  
  48  4:19  SCV  
  48  4:21  Marine x2  
  48  4:22  Hellion  
  53  4:28  SCV  
  53  4:29  Supply Depot  
  54  4:33  Hellion, SCV  
  54  4:34  Medivac  
  59  4:40  Marine, SCV  
  59  4:41  Marine, Supply Depot  
  62  4:50  Marine  
  62  4:51  Hellion, SCV  
  66  4:54  SCV  
  66  4:55  Hellion  
  66  4:58  Supply Depot  
  69  5:00  Marine  
  69  5:02  Marine  
  69  5:03  SCV  
  69  5:06  SCV  
  73  5:07  Medivac  
  73  5:12  Hellion  
  77  5:15  Combat Shields, SCV  
  77  5:19  Marine x2  
  77  5:20  Hellion  
  77  5:21  Marine  
  82  5:24  SCV  
  82  5:27  Supply Depot  
  84  5:37  Marine x2  
  84  5:41  Refinery, Command Center  
  86  5:49  SCV x2  
  88  5:50  Refinery  
  88  5:52  Marine  
  88  5:53  Engineering Bay x2  
  89  5:59  Supply Depot  
  89  6:01  SCV  
  89  6:02  Barracks  
  90  6:10  Marine x2  
  90  6:11  Marine  
  84  6:37  Barracks  
  90  6:40  Barracks  
Show
View Real Time Build Order
Export as new Build Order

Cham Zerg 

Build Orders: Hatch First 

Get SALT Encoding   

  12  0:01  Drone  
  13  0:09  Drone  
  14  0:17  Overlord  
  14  0:36  Drone  
  15  0:47  Hatchery, Drone  
  15  0:53  Drone  
  16  0:58  Drone  
  17  1:13  Spawning Pool  
  17  1:15  Drone  
  17  1:16  Extractor  
  16  1:19  Drone  
  16  1:23  Drone  
  18  1:32  Drone  
  19  1:44  Overlord  
  19  2:00  Zergling x2  
  19  2:01  Queen x2, Zergling x2  
  23  2:04  Zergling x2  
  26  2:12  Drone  
  27  2:16  Metabolic Boost  
  27  2:19  Drone  
  28  2:23  Drone  
  28  2:29  Drone  
  30  2:33  Drone  
  31  2:41  Queen  
  33  2:44  Queen  
  33  2:49  Drone  
  36  2:54  Overlord  
  36  3:00  Overlord  
  36  3:12  Drone  
  37  3:13  Drone x6  
  37  3:16  Drone  
  44  3:20  Drone x2  
  44  3:25  Drone x2  
  46  3:53  Hatchery, Drone  
  46  3:54  Drone x6  
  52  3:55  Overlord  
  52  3:58  Overlord  
  52  4:08  Evolution Chamber  
  52  4:09  Evolution Chamber  
  50  4:13  Drone x2, Overlord  
  50  4:15  Drone  
  50  4:16  Drone  
  54  4:23  Queen x2  
  58  4:32  Zergling x2  
  58  4:33  Zergling x8  
  58  4:38  Zergling x6  
  66  4:40  Zergling x4  
  68  4:48  Zerg Ground Armor Level 1  
  68  4:49  Zerg Melee Weapons Level 1  
  68  4:54  Zergling x4  
  68  4:58  Overlord  
  70  5:00  Drone  
  70  5:02  Queen  
  70  5:05  Queen  
  75  5:08  Drone  
  75  5:09  Drone  
  75  5:10  Drone  
  78  5:17  Drone x3  
  78  5:18  Drone  
  78  5:20  Drone x2  
  84  5:28  Drone x3, Spore Crawler  
  86  5:33  Baneling Nest  
  86  5:34  Spore Crawler x2  
  83  5:35  Lair  
  83  5:38  Overlord  
  83  5:42  Zergling x6  
  86  5:45  Zergling x4  
  86  5:49  Zergling x4  
  90  5:50  Extractor  
  90  5:51  Overlord x2  
  90  5:55  Zergling x2  
  90  5:56  Zergling x2  
  91  5:59  Zergling x4  
  92  6:11  Zergling x10  
  94  6:14  Overlord  
  94  6:16  Overlord  
  87  6:19  Zergling x2  
  87  6:20  Zergling x4  
  87  6:21  Zergling x4  
  87  6:23  Zergling x6  
  74  6:31  Baneling  
Tags
 
Add a new tag
Caveats
  • Supply blocks, unpowered buildings, or Contaminate may cause inaccurate times.
  • Supply counts are checked every 10 seconds.